TOP OF THE 1ST |
Windy City ThunderBolts batting - Pitching for Hamilton Cardinals : LHP J.T. Ready
|
Pitching: LHP J.T. Ready
|
|
Batting: RHB Enrique Gomez
|
0-0: Called Strike 0-1: Swinging Strike 0-2: Foul Ball, location: 2F 0-2: Hit by Pitch
|
Batting: RHB Brad Adams Jr.
|
0-0: Ball 1-0: Fly out, F8 (Flyball, 8LM, EV 91.9 MPH)
|
Batting: SHB Andres Agudo
|
0-0: Called Strike 0-1: Foul Ball, location: 2F 0-2: Ball 1-2: Foul Ball, location: 2F 1-2: Strikes out looking
|
Batting: SHB Noah Long
|
0-0: Ball Enrique Gomez is caught stealing 2nd base 2-4
|
Top of the 1st over - 0 runs, 0 hits, 0 errors, 0 left on base; Windy City 0 - Hamilton 0 |
BOTTOM OF THE 1ST |
Hamilton Cardinals batting - Pitching for Windy City ThunderBolts : RHP Nate Woodard
|
Pitching: RHP Nate Woodard
|
|
Batting: RHB Chris Rouleau
|
0-0: Foul Ball, location: 2F 0-1: Ball 1-1: Called Strike 1-2: Fly out, F5 (Popup, 5SF, EV 71.2 MPH)
|
Batting: LHB Ken Morehead
|
0-0: Swinging Strike 0-1: Called Strike 0-2: Fly out, F7 (Flyball, 7, EV 89.4 MPH)
|
Batting: SHB Steve Langlois
|
0-0: Ball 1-0: SINGLE (Line Drive, 4D, EV 94.4 MPH)
|
Batting: SHB Justin Houser
|
0-0: Called Strike 0-1: Foul Ball, location: 2F 0-2: Ball 1-2: Ball 2-2: Strikes out swinging
|
Bottom of the 1st over - 0 runs, 1 hit, 0 errors, 1 left on base; Windy City 0 - Hamilton 0 |
TOP OF THE 2ND |
Windy City ThunderBolts batting - Pitching for Hamilton Cardinals : LHP J.T. Ready
|
Batting: SHB Noah Long
|
0-0: Ball 1-0: Ball 2-0: Called Strike 2-1: Ball 3-1: SINGLE (Line Drive, 9LS, EV 104.4 MPH)
|
Batting: LHB Prince Nunley
|
0-0: Foul Ball, location: 2F 0-1: Ball 1-1: Ball 2-1: Foul Ball, location: 2F 2-2: Foul Ball, location: 2F 2-2: Strikes out swinging
|
Batting: RHB Joe Thomas
|
0-0: Grounds into double play, 5-4-3 (Groundball, 56S, EV 87.5 MPH)
|
Top of the 2nd over - 0 runs, 1 hit, 0 errors, 0 left on base; Windy City 0 - Hamilton 0 |
BOTTOM OF THE 2ND |
Hamilton Cardinals batting - Pitching for Windy City ThunderBolts : RHP Nate Woodard
|
Batting: RHB Julio Sandoval
|
0-0: Called Strike 0-1: Ground out 1-3 (Groundball, 15S, EV 67.5 MPH)
|
Batting: RHB Johnny Lowe
|
0-0: Ball 1-0: Ball 2-0: Ball 3-0: Base on Balls
|
Batting: RHB Joey Black
|
0-0: Called Strike 0-1: Ball 1-1: Ball 2-1: Ball 3-1: Base on Balls Johnny Lowe to second
|
Batting: RHB Sal Guzman
|
0-0: SINGLE (Groundball, 34D, EV 94.4 MPH) Johnny Lowe to third Joey Black to second
|
Batting: SHB J.T. Ready
|
0-0: Called Strike 0-1: Swinging Strike 0-2: SINGLE (Groundball, 6M, EV 94.4 MPH) Johnny Lowe scores Joey Black to third Sal Guzman to second
|
Batting: RHB Chris Rouleau
|
0-0: Ball 1-0: Foul Ball, location: 2F 1-1: Fly out, F8 (Line Drive, 8RD, EV 89.4 MPH) Runner from 3rd tags up, SCORES, throw by CF Sal Guzman to third
|
Batting: LHB Ken Morehead
|
0-0: Ball 1-0: Foul Ball, location: 2F 1-1: Foul Ball, location: 2F 1-2: Ball 2-2: Foul Ball, location: 2F 2-2: Ball 3-2: Ground out 4-3 (Groundball, 34, EV 85.6 MPH)
|
Bottom of the 2nd over - 2 runs, 2 hits, 0 errors, 2 left on base; Windy City 0 - Hamilton 2 |
TOP OF THE 3RD |
Windy City ThunderBolts batting - Pitching for Hamilton Cardinals : LHP J.T. Ready
|
Batting: RHB David Cortez
|
0-0: Ball 1-0: Swinging Strike 1-1: Ball 2-1: Fly out, F8 (Flyball, 8RD, EV 101.9 MPH)
|
Batting: LHB Jose Pereyra
|
0-0: SINGLE (Groundball, P, EV 82.5 MPH) (infield hit)
|
Batting: RHB Nhat Phong
|
0-0: Grounds into double play, 6-4-3 (Groundball, 6, EV 111.2 MPH)
|
Top of the 3rd over - 0 runs, 1 hit, 0 errors, 0 left on base; Windy City 0 - Hamilton 2 |
BOTTOM OF THE 3RD |
Hamilton Cardinals batting - Pitching for Windy City ThunderBolts : RHP Nate Woodard
|
Batting: SHB Steve Langlois
|
0-0: Foul Ball, location: 2F 0-1: Foul Ball, location: 2F 0-2: Ground out 6-3 (Groundball, 6, EV 84.4 MPH)
|
Batting: SHB Justin Houser
|
0-0: Foul Ball, location: 2F 0-1: Fly out, F8 (Flyball, 8LD, EV 85.0 MPH)
|
Batting: RHB Julio Sandoval
|
0-0: Ball 1-0: Ball 2-0: Ball 3-0: Called Strike 3-1: Fly out, F7 (Flyball, 7, EV 95.6 MPH)
|
Bottom of the 3rd over - 0 runs, 0 hits, 0 errors, 0 left on base; Windy City 0 - Hamilton 2 |
TOP OF THE 4TH |
Windy City ThunderBolts batting - Pitching for Hamilton Cardinals : LHP J.T. Ready
|
Batting: RHB Enrique Gomez
|
0-0: Swinging Strike 0-1: Called Strike 0-2: Ball 1-2: Ball 2-2: Ball 3-2: Foul Ball, location: 2F 3-2: Fly out, F9 (Flyball, 89M, EV 88.8 MPH)
|
Batting: RHB Brad Adams Jr.
|
0-0: Ball 1-0: Swinging Strike 1-1: Ball 2-1: Called Strike 2-2: Foul Ball, location: 2F 2-2: Foul Ball, location: 2F 2-2: SINGLE (Line Drive, 56D, EV 100.0 MPH)
|
Batting: SHB Andres Agudo
|
0-0: Ball 1-0: Ball 2-0: Called Strike 2-1: Foul Ball, location: 2F 2-2: Foul Ball, location: 2F 2-2: Foul Ball, location: 2F 2-2: Ball 3-2: Strikes out swinging
|
Batting: SHB Noah Long
|
0-0: Foul Ball, location: 2F 0-1: Ball 1-1: Swinging Strike 1-2: Ball 2-2: Foul Ball, location: 2F 2-2: Foul Ball, location: 2F 2-2: Foul Ball, location: 2F 2-2: Foul Ball, location: 2F 2-2: Strikes out swinging
|
Top of the 4th over - 0 runs, 1 hit, 0 errors, 1 left on base; Windy City 0 - Hamilton 2 |
BOTTOM OF THE 4TH |
Hamilton Cardinals batting - Pitching for Windy City ThunderBolts : RHP Nate Woodard
|
Batting: RHB Johnny Lowe
|
0-0: Ground out 6-3 (Groundball, 6, EV 84.4 MPH)
|
Batting: RHB Joey Black
|
0-0: Ball 1-0: Foul Ball, location: 2F 1-1: Foul Ball, location: 2F 1-2: Strikes out swinging
|
Batting: RHB Sal Guzman
|
0-0: Called Strike 0-1: Foul Ball, location: 2F 0-2: Strikes out swinging
|
Bottom of the 4th over - 0 runs, 0 hits, 0 errors, 0 left on base; Windy City 0 - Hamilton 2 |
TOP OF THE 5TH |
Windy City ThunderBolts batting - Pitching for Hamilton Cardinals : LHP J.T. Ready
|
Batting: LHB Prince Nunley
|
0-0: Swinging Strike 0-1: Swinging Strike 0-2: Strikes out swinging
|
Batting: RHB Joe Thomas
|
0-0: Called Strike 0-1: Swinging Strike 0-2: Ball 1-2: Ball 2-2: Fly out, F8 (Flyball, 8LD, EV 95.0 MPH)
|
Batting: RHB David Cortez
|
0-0: Swinging Strike 0-1: TRIPLE (Flyball, 78XD, EV 89.4 MPH)
|
Batting: LHB Jose Pereyra
|
0-0: Ground out 5-3 (Groundball, 56, EV 85.0 MPH)
|
Top of the 5th over - 0 runs, 1 hit, 0 errors, 1 left on base; Windy City 0 - Hamilton 2 |
BOTTOM OF THE 5TH |
Hamilton Cardinals batting - Pitching for Windy City ThunderBolts : RHP Nate Woodard
|
Batting: SHB J.T. Ready
|
0-0: Called Strike 0-1: Called Strike 0-2: Ball 1-2: Strikes out swinging
|
Batting: RHB Chris Rouleau
|
0-0: Ball 1-0: Foul Ball, location: 2F 1-1: SINGLE (Line Drive, 78S, EV 99.4 MPH)
|
Batting: LHB Ken Morehead
|
0-0: Ball 1-0: Called Strike 1-1: Foul Ball, location: 2F 1-2: Foul Ball, location: 2F 1-2: Strikes out swinging
|
Batting: SHB Steve Langlois
|
0-0: Foul Ball, location: 2F 0-1: Foul Ball, location: 2F 0-2: Ball 1-2: Ball 2-2: Foul Ball, location: 2F 2-2: Strikes out swinging
|
Bottom of the 5th over - 0 runs, 1 hit, 0 errors, 1 left on base; Windy City 0 - Hamilton 2 |
TOP OF THE 6TH |
Windy City ThunderBolts batting - Pitching for Hamilton Cardinals : LHP J.T. Ready
|
Batting: RHB Nhat Phong
|
0-0: Foul Ball, location: 2F 0-1: Swinging Strike 0-2: Foul Ball, location: 2F 0-2: Foul Ball, location: 2F 0-2: Ball 1-2: Ball 2-2: Strikes out looking
|
Batting: RHB Enrique Gomez
|
0-0: Ball 1-0: Ball 2-0: Called Strike 2-1: Foul Ball, location: 2F 2-2: Fly out, F9 (Flyball, 89S, EV 85.6 MPH)
|
Batting: RHB Brad Adams Jr.
|
0-0: Fly out, F6 (Popup, 6MS, EV 68.1 MPH)
|
Top of the 6th over - 0 runs, 0 hits, 0 errors, 0 left on base; Windy City 0 - Hamilton 2 |
BOTTOM OF THE 6TH |
Hamilton Cardinals batting - Pitching for Windy City ThunderBolts : RHP Nate Woodard
|
Batting: SHB Justin Houser
|
0-0: Foul Ball, location: 2F 0-1: Foul Ball, location: 2F 0-2: Foul Ball, location: 2F 0-2: Foul Ball, location: 2F 0-2: Ball 1-2: Foul Ball, location: 2F 1-2: Foul Ball, location: 2F 1-2: Ball 2-2: SINGLE (Line Drive, 5D, EV 98.1 MPH)
|
Batting: RHB Julio Sandoval
|
0-0: Ball 1-0: Called Strike 1-1: Called Strike 1-2: Foul Ball, location: 2F 1-2: Foul Ball, location: 2F 1-2: Ball 2-2: Strikes out swinging
|
Batting: RHB Johnny Lowe
|
0-0: Called Strike 0-1: Ball 1-1: Ground out 4-3 (Groundball, 34, EV 104.4 MPH) Justin Houser to second
|
Batting: RHB Joey Black
|
0-0: Ball 1-0: Called Strike 1-1: Called Strike 1-2: SINGLE (Groundball, 56S, EV 73.1 MPH) (infield hit) Justin Houser to third
|
Batting: RHB Sal Guzman
|
0-0: Fly out, F8 (Flyball, 8LXD, EV 90.6 MPH)
|
Bottom of the 6th over - 0 runs, 2 hits, 0 errors, 2 left on base; Windy City 0 - Hamilton 2 |
TOP OF THE 7TH |
Windy City ThunderBolts batting - Pitching for Hamilton Cardinals : LHP J.T. Ready
|
Batting: SHB Andres Agudo
|
0-0: Swinging Strike 0-1: Ball 1-1: Ball 2-1: Swinging Strike 2-2: Foul Ball, location: 2F 2-2: Ball 3-2: Strikes out swinging
|
Batting: SHB Noah Long
|
0-0: Called Strike 0-1: Swinging Strike 0-2: Strikes out swinging
|
Batting: LHB Prince Nunley
|
0-0: Ball 1-0: Ball 2-0: Called Strike 2-1: Ball 3-1: SINGLE (Groundball, 34D, EV 108.1 MPH)
|
Batting: RHB Joe Thomas
|
0-0: SINGLE (Flyball, 8LS, EV 94.4 MPH) Prince Nunley to second
|
Batting: RHB David Cortez
|
0-0: Ball 1-0: Foul Ball, location: 2F 1-1: Ball 2-1: Called Strike 2-2: Foul Ball, location: 2F 2-2: SINGLE (Flyball, 6D, EV 92.5 MPH) Prince Nunley to third Joe Thomas to second
|
Pitching: RHP Jung-joon Chon
|
|
Pinch Hitting: RHB Francisco Marin
|
0-0: Foul Ball, location: 2F 0-1: Ball 1-1: SINGLE (Groundball, 34D, EV 102.5 MPH) Prince Nunley scores Joe Thomas to third David Cortez to second Runner from 3rd tries for Home, SAFE, throw by RF to home
|
Pinch Hitting: SHB Veit Geisler
|
0-0: Ball 1-0: Ball 2-0: Called Strike 2-1: Ball 3-1: Swinging Strike 3-2: Foul Ball, location: 2F 3-2: Foul Ball, location: 2F 3-2: Strikes out swinging
|
Top of the 7th over - 2 runs, 4 hits, 0 errors, 2 left on base; Windy City 2 - Hamilton 2 |
BOTTOM OF THE 7TH |
Hamilton Cardinals batting - Pitching for Windy City ThunderBolts : RHP Nate Woodard
|
Now at 3B: Andres Agudo
|
|
Now at SS: David Laureano
|
|
Now in CF: Enrique Gomez
|
|
Now in RF: Veit Geisler
|
|
Batting: SHB J.T. Ready
|
0-0: Ball 1-0: Foul Ball, location: 2F 1-1: Foul Ball, location: 2F 1-2: Foul Ball, location: 2F 1-2: SINGLE (Groundball, 56S, EV 68.8 MPH) (infield hit)
|
Pitching: RHP Nate Myers
|
|
Batting: RHB Chris Rouleau
|
0-0: Bunted foul 0-1: Called Strike J.T. Ready is caught stealing 2nd base 2-4 0-2: Ball 1-2: Foul Ball, location: 2F 1-2: Ball 2-2: Strikes out swinging
|
Batting: LHB Ken Morehead
|
0-0: Ball 1-0: Foul Ball, location: 2F 1-1: Ball 2-1: Swinging Strike 2-2: Foul Ball, location: 2F 2-2: Foul Ball, location: 2F 2-2: Foul Ball, location: 2F 2-2: Strikes out swinging
|
Bottom of the 7th over - 0 runs, 1 hit, 0 errors, 0 left on base; Windy City 2 - Hamilton 2 |
TOP OF THE 8TH |
Windy City ThunderBolts batting - Pitching for Hamilton Cardinals : RHP Jung-joon Chon
|
Batting: RHB Enrique Gomez
|
0-0: Called Strike 0-1: DOUBLE (Line Drive, 78M, EV 108.8 MPH)
|
Batting: RHB Brad Adams Jr.
|
0-0: Ball 1-0: Fly out, F9 (Flyball, 89M, EV 78.8 MPH)
|
Batting: SHB Andres Agudo
|
0-0: Called Strike Enrique Gomez steals 3rd base 0-1: Called Strike 0-2: Ball 1-2: Ball 2-2: Foul Ball, location: 2F 2-2: Foul Ball, location: 2F 2-2: Foul Ball, location: 2F 2-2: Foul Ball, location: 2F 2-2: Foul Ball, location: 2F 2-2: Strikes out looking
|
Pitching: RHP Joe Cornell
|
|
Batting: SHB Noah Long
|
0-0: Ball 1-0: Called Strike 1-1: Foul Ball, location: 2F 1-2: Strikes out looking
|
Top of the 8th over - 0 runs, 1 hit, 0 errors, 1 left on base; Windy City 2 - Hamilton 2 |
BOTTOM OF THE 8TH |
Hamilton Cardinals batting - Pitching for Windy City ThunderBolts : RHP Nate Myers
|
Batting: SHB Steve Langlois
|
0-0: Ball 1-0: Called Strike 1-1: Ground out U3 (Groundball, 34, EV 100.0 MPH)
|
Batting: SHB Justin Houser
|
0-0: Ball 1-0: Ball 2-0: Ball 3-0: Called Strike 3-1: Swinging Strike 3-2: Foul Ball, location: 2F 3-2: Strikes out swinging
|
Batting: RHB Julio Sandoval
|
0-0: Ball 1-0: Swinging Strike 1-1: Ground out 4-3 (Groundball, 4MD, EV 104.4 MPH)
|
Bottom of the 8th over - 0 runs, 0 hits, 0 errors, 0 left on base; Windy City 2 - Hamilton 2 |
TOP OF THE 9TH |
Windy City ThunderBolts batting - Pitching for Hamilton Cardinals : RHP Joe Cornell
|
Batting: LHB Prince Nunley
|
0-0: Ball 1-0: Called Strike 1-1: Foul Ball, location: 2F 1-2: Foul Ball, location: 2F 1-2: SINGLE (Groundball, 4MD, EV 98.1 MPH)
|
Batting: RHB Joe Thomas
|
0-0: TRIPLE (Flyball, 89XD, EV 111.9 MPH) Prince Nunley scores
|
Batting: RHB David Cortez
|
0-0: Ball 1-0: Called Strike 1-1: Ball 2-1: SINGLE (Groundball, 4M, EV 105.6 MPH) Joe Thomas scores
|
Batting: RHB David Laureano
|
0-0: Ball 1-0: Ball 2-0: Foul Ball, location: 2F 2-1: Foul Ball, location: 2F 2-2: Ball 3-2: Base on Balls David Cortez to second
|
Pitching: LHP Gonnohyoe Hata
|
|
Batting: SHB Veit Geisler
|
0-0: Ball 1-0: Ball 2-0: Bunted foul 2-1: Bunted foul 2-2: Foul Ball, location: 2F 2-2: Strikes out swinging
|
Batting: RHB Enrique Gomez
|
0-0: Foul Ball, location: 2F 0-1: Ball 1-1: Foul Ball, location: 2F 1-2: Foul Ball, location: 2F 1-2: Foul Ball, location: 2F 1-2: Foul Ball, location: 2F 1-2: Ball 2-2: Ball 3-2: Strikes out swinging
|
Batting: RHB Brad Adams Jr.
|
0-0: Called Strike 0-1: Swinging Strike 0-2: Strikes out swinging
|
Top of the 9th over - 2 runs, 3 hits, 0 errors, 2 left on base; Windy City 4 - Hamilton 2 |
BOTTOM OF THE 9TH |
Hamilton Cardinals batting - Pitching for Windy City ThunderBolts : RHP Nate Myers
|
Batting: RHB Johnny Lowe
|
0-0: Ball 1-0: Foul Ball, location: 2F 1-1: Ball 2-1: Foul Ball, location: 2F 2-2: Ball 3-2: Fly out, F8 (Flyball, 8RD, EV 98.1 MPH)
|
Pitching: RHP George Crousse
|
|
Batting: RHB Joey Black
|
0-0: Foul Ball, location: 2F 0-1: Ball 1-1: Ball 2-1: Ball 3-1: Called Strike 3-2: Ground out 6-3 (Groundball, 56, EV 91.2 MPH)
|
Batting: RHB Sal Guzman
|
0-0: Ball 1-0: Foul Ball, location: 2F 1-1: Swinging Strike 1-2: Strikes out swinging
|
Bottom of the 9th over - 0 runs, 0 hits, 0 errors, 0 left on base; Windy City 4 - Hamilton 2 |
|